 Dungeon Crawl Stone Soup version 0.29-a0-997-gf6f7e2dfe7 (webtiles) character file.

Game seed: 16116862905936615554

22 xian the Conjurer (level 2, 0/15 HPs)
             Began as a Tengu Conjurer on Aug 5, 2022.
             Slain by a kobold
             ... wielding a +0 club
              (3 damage)
             ... on level 1 of the Dungeon.
             The game lasted 00:01:39 (783 turns).

xian the Conjurer (Tengu Conjurer)                   Turns: 783, Time: 00:01:40

Health: 0/15       AC:  2    Str:  7    XL:     2   Next: 91%
Magic:  6/6        EV: 12    Int: 18    God:
Gold:   34         SH:  0    Dex: 12    Spells: 4/5 levels left

rFire   . . .      SeeInvis .   h - +2 dagger (pain)
rCold   . . .      Faith    .   (no shield)
rNeg    . . .      Spirit   .   a - +0 robe
rPois   .          Reflect  .   (helmet restricted)
rElec   .          Harm     .   (no cloak)
rCorr   .          Rampage  .   (no gloves)
Will    .....                   (boots unavailable)
Stlth   ++........              (no amulet)
HPRegen 0.05/turn               (no ring)
MPRegen 0.10/turn               (no ring)

@: no status effects
A: beak, talons 3
a: no special abilities


You were on level 1 of the Dungeon.
You visited 1 branch of the dungeon, and saw 1 of its levels.

You collected 34 gold pieces.

Inventory:

Hand Weapons
 h - a +2 dagger of pain (weapon)
Armour
 a - a +0 robe (worn)
Scrolls
 c - a scroll of silence {unknown}
 f - a scroll of enchant armour {unknown}
 g - a scroll of butterflies {unknown}
Potions
 b - a potion of magic
 d - a potion of heal wounds {unknown}
 e - a potion of invisibility {unknown}


   Skills:
 + Level 2.2 Dodging
 + Level 2.1 Stealth
 + Level 2.2 Spellcasting
 + Level 6.1 Conjurations


You had 4 spell levels left.
You knew the following spells:

 Your Spells              Type           Power      Damage    Failure   Level
a - Magic Dart            Conj           96%        1d7       1%          1

Your spell library contained the following spells:

 Spells                   Type           Power      Damage    Failure   Level
 Searing Ray              Conj           48%        2d6       2%          2
 Dazzling Flash           Conj/Hex       26%        N/A       16%         3
 Fulminant Prism          Conj/Hex       6%         3d7       45%         4
 Iskenderun's Mystic Bla  Conj/Tloc      13%        2d5       45%         4
 Agony                    Necr           1%         N/A       99%         5
 Silence                  Hex/Air        0%         N/A       99%         5
 Starburst                Conj/Fire      6%         6d4       100%        6


Dungeon Overview and Level Annotations

Branches:
Dungeon (1/15)

Altars:


Innate Abilities, Weirdness & Mutations

You have a beak for a mouth.
You have claws for feet.


Message History

You barely miss the kobold. Your peck misses the kobold.
The kobold hits you with a +0 short sword.
You hit the kobold. Your kick misses the kobold.
The kobold is severely wounded.
The kobold closely misses you.
You barely miss the kobold. Your kick misses the kobold.
You peck the kobold, but do no damage.
The kobold is severely wounded.
The kobold hits you but does no damage.
You barely miss the kobold.
The kobold is severely wounded.
The kobold hits you with a +0 short sword.
You barely miss the kobold. Your peck misses the kobold.
The kobold is severely wounded.
The kobold closely misses you.
You hit the kobold.
You kill the kobold!
You now have 34 gold pieces (gained 12).
Things that are here:
a +0 short sword; 7 stones HP restored.
g - a scroll labelled PEANOUCIHI You see here a +0 dagger.
Things that are here:
a +0 short sword; 7 stones You pick up a book of Spectacle and begin reading...
You add the spell Starburst to your library.
A kobold comes into view. It is wielding a +0 club.
A kobold comes into view. It is wielding a +0 club.
Found a dark potion.
The kobold shouts! x2
The kobold throws a stone.
The stone hits you. The kobold hits you with a +0 club.
You hit the kobold but do no damage. The kobold hits you with a +0 club.
You closely miss the kobold. Your peck misses the kobold.
The kobold hits you with a +0 club. x2
* * * LOW HITPOINT WARNING * * *
You hit the kobold but do no damage. Your kick misses the kobold.
The kobold hits you but does no damage. The kobold hits you with a +0 club.
You die...

#...##.##..#
###...#.#..#
#### ##..###..#
..⌠# ##......#
<..#
#####..#####
...#
#.........#
>..#
#...........
..⌠##
#.........##
###.##
#..@K.....#
####.#
.......K......#
.##.##
.#............#
..#.#
#.##......!..#
...## #.
#.........#
.### #
#.........# ##
####.###### .#


You could see 2 kobolds.

Vanquished Creatures
  An endoplasm (D:1)
  2 giant cockroaches (D:1)
  4 goblins (D:1)
  2 hobgoblins (D:1)
  A quokka (D:1)
  3 ball pythons (D:1)
  3 bats (D:1)
  A frilled lizard (D:1)
  2 kobolds (D:1)
  2 rats (D:1)
21 creatures vanquished.

Notes
Turn   | Place    | Note
-------+----------+-------------------------------------------
     0 | D:1      | xian the Tengu Conjurer began the quest for the Orb.
     0 | D:1      | Reached XP level 1. HP: 10/10 MP: 4/4
   230 | D:1      | Reached XP level 2. HP: 15/15 MP: 3/6
   381 | D:1      | Reached skill level 6 in Conjurations
   783 | D:1      | Slain by a kobold

Illustrated notes

Levels and vault maps discovered:
D:1:      amcnicky_arrival_gap_in_the_tavern_cellar, layout_loops_ring,
          minmay_vboxes

Skill      XL: |  1  2 |
---------------+-------+-----
Conjurations   | 6 |  6.1
Dodging        | |  2.2
Stealth        | |  2.1
Spellcasting   | |  2.2

Action                   || total
-------------------------++-------
Melee: Dagger            ||    23
       Peck              ||     6
       Kick              ||     3
 Cast: Magic Dart        ||    21
Armor: Robe              ||    11
Dodge: Dodged            ||    19

Table legend: (Time is in decaauts)
 A = Elapsed time spent in this place.
 B = Non-inter-level travel time spent in this place.
 C = Inter-level travel time spent in this place.
 D = Time resting spent in this place.
 E = Time spent auto-exploring this place.
 F = Levels seen in this place.
 G = Mean time per level.
                   A        B        C        D        E       F      G
               +--------+--------+--------+--------+--------+-----+--------+
         Total |    782 |    782 |      0 |      0 |    657 |   1 |  782.0 |
       Dungeon |    782 |    782 |      0 |      0 |    657 |   1 |  782.0 |
               +--------+--------+--------+--------+--------+-----+--------+

Top non-repeatable levels by time:
     D:1: 782 daAuts
